 Dungeon Crawl Stone Soup version 0.24.0-28-g17ded55e90 (webtiles) character file.

Game seed: 14706682408330004199, levelgen mode: deterministic

23284 Flugslaktarn the Cleaver (level 12, -8/78 HPs)
             Began as a Deep Dwarf Fighter on Nov 12, 2019.
             Was a High Priest of Makhleb.
             Mangled by an orc warrior
             ... wielding a +0 halberd
              (17 damage)
             ... on level 2 of the Orcish Mines.
             The game lasted 00:12:21 (9492 turns).

Flugslaktarn the Cleaver (Deep Dwarf Fighter)       Turns: 9492, Time: 00:12:21

Health: -8/78      AC: 24    Str: 20    XL:     12   Next: 70%
Magic:  4/4        EV:  5    Int:  6    God:    Makhleb [*****.]
Gold:   1072       SH: 12    Dex: 10    Spells: 11/11 levels left

rFire    + + .     SeeInvis .   A - +2 broad axe
rCold    + . .     Gourm    .   c - +0 shield
rNeg     . . .     Faith    .   a - +0 plate armour
rPois    .         Spirit   .   v - +2 helmet
rElec    .         Reflect  .   x - scarf {rC+ rF+}
rCorr    .         Harm     .   (no gloves)
MR       +....     Rnd*Rage +   i - +2 pair of boots
Stlth    ..........             (no amulet)
HPRegen  0.00/turn              f - ring of protection from fire
MPRegen  0.09/turn              p - +3 ring of protection

@: non-regenerating
A: damage resistance, heal wounds, [berserk 1], [blurry vision 1], [clumsy 1],
[dopey 2], [frail 3], sense surroundings 2, [screaming 1], [weak 2], no
regeneration
a: Heal Wounds, Minor Destruction, Lesser Servant of Makhleb, Major Destruction,
Greater Servant of Makhleb, Renounce Religion


You were on level 2 of the Orcish Mines.
You worshipped Makhleb.
Makhleb was extremely pleased with you.
You were hungry.

You visited 3 branches of the dungeon, and saw 13 of its levels.
You visited the Abyss 1 time.
You also visited: Sewer.

You collected 1682 gold pieces.
You spent 610 gold pieces at shops.

Inventory:

Hand Weapons
 b - a +1 war axe of venom
   (You took it off an orc knight on level 1 of the Orcish Mines)
 A - a +2 broad axe (weapon)
   (You bought it in a shop on level 7 of the Dungeon)
Missiles
 B - a throwing net (quivered)
Armour
 a - a +0 plate armour (worn)
   (You took it off an orc warrior on level 6 of the Dungeon)
 c - a +0 shield (worn)
 i - a +2 pair of boots (worn)
   (You bought it in a shop on level 7 of the Dungeon)
 v - a +2 helmet (worn)
   (You found it on level 2 of the Dungeon)
 x - a scarf of resistance (worn)
   (You found it on level 1 of the Dungeon)
Jewellery
 f - a ring of protection from fire (left hand)
   (You found it on level 8 of the Dungeon)
 k - an uncursed ring of resist corrosion
   (You found it on level 8 of the Dungeon)
 p - a +3 ring of protection (right hand)
   (You found it on level 8 of the Dungeon)
Wands
 E - a wand of paralysis (7)
   (You found it on level 2 of the Lair of Beasts)
Scrolls
 g - 3 scrolls of enchant armour
 h - a scroll of silence
 o - a scroll of magic mapping
 t - a scroll of teleportation
 u - a scroll of fog
 w - 3 scrolls of remove curse
 z - 3 scrolls of blinking
 D - a scroll of fear
Potions
 d - a potion of might
 j - a potion of cancellation
 l - 3 potions of brilliance
 m - 3 potions of heal wounds
 n - a potion of resistance
 q - 2 potions of curing
 s - a potion of agility
 y - 7 potions of flight
Comestibles
 e - 13 rations


   Skills:
 + Level 8.7 Fighting
 * Level 13.7 Axes
 + Level 10.4 Armour
 + Level 10.4 Shields
 + Level 10.1 Invocations


You had 11 spell levels left.
You didn't know any spells.
Your spell library was empty.

Dungeon Overview and Level Annotations

Branches:
Dungeon (9/15)             Temple (0/1) D:6            Lair (2/6) D:8
 Spider (0/4) Lair:2          Orc (2/2) D:9             Elf (0/3) Orc:2
  Sewer (visited)
  Swamp: Lair:2-4    Shoals: Lair:2-4

Altars:
Ashenzari
Elyvilon
Gozag
Makhleb
Nemelex Xobeh
Uskayaw
Xom
Beogh

Shops:
D:7 *[(!   Orc:1 *

Annotations:
Orc:1 exclusion: obsidian statue, Nicoed's ghost, journeyman MiFi


Innate Abilities, Weirdness & Mutations

You are resistant to damage.
You can heal yourself by infusing magical energy.
You passively map the area around you.
You do not regenerate.
[You tend to lose your temper in combat.]
[Scrolls take you a little longer to read.]
[You are clumsy. (Dex -2)]
[You are very dopey. (Int -4)]
[You are extremely frail. (-30% HP)]
[You occasionally shout uncontrollably at your foes.]
[You are very weak. (Str -4)]


Message History

The orc warrior hits you from afar with a +0 trident!
You block the orc warlord's attack.
The orc warlord hits your ynoxinul but does no damage.
The orc warrior hits you from afar with a +0 halberd!!
* * * LOW HITPOINT WARNING * * *
Your neqoxec closely misses the orc warrior.
A demon appears!
The orc warrior no longer looks unusually strong.
The orc priest no longer looks unusually strong.
The orc warrior no longer looks unusually strong.
The orc priest hits you but does no damage.
The orc warrior hits you but does no damage.
The orc warrior throws a boomerang.
The boomerang hits your smoke demon.
The weapon returns to the orc warrior!
You block the orc warrior's attack.
The orc warlord roars a battlecry!
The orcs go into a battle-frenzy!
Your ynoxinul gestures at the orc warrior.
The iron shot hits the orc warrior!
Your neqoxec hits the orc warrior!
The orc warrior hits you from afar with a +0 halberd!!
You die...

#### ########################
...## ##.##.#.#.##.#.##..#..#.#
....#####........................
...##.##........................#
...#............................#
....#............................
...............#@................
...>.........[.oo3...............
.....#........o3oo3........#.....
....#............[...............
...#.........[o..................
..............o.......#....#....#
......##...................#...##
..)...##.)..[....################
.....#..#)..).#.## *


You could see an orc warlord, 4 orc warriors, 2 orc priests, a friendly smoke
demon, a friendly neqoxec and a friendly ynoxinul.

Vanquished Creatures
  A two-headed ogre (D:8)
  A death yak (Lair:2)
  2 orc high priests (Orc:2)
  2 wretched stars (Abyss:2)
  Pikel (D:7)
  2 orc knights
  2 orc sorcerers (Orc:2)
  A worldbinder (Abyss:2)
  A black mamba (Lair:2)
  Psyche (D:9)
  A smoke demon (Abyss:2)
  A torpor snail (Lair:2)
  2 spiny frogs (Lair:1)
  A rime drake (Lair:1)
  2 jumping spiders (Lair:2)
  2 trolls
  3 hippogriffs
  A blink frog (Lair:1)
  Sigmund (D:5)
  A redback (Lair:2)
  14 yaks
  A ynoxinul (Abyss:2)
  Grum (D:8)
  5 fire bats (Abyss:2)
  A basilisk (Lair:1)
  A steam dragon (D:6)
  5 water moccasins
  7 porcupines
  2 sky beasts (D:5)
  22 orc warriors
  2 phantoms
  3 slaves (D:7)
  11 ogres
  A necrophage (D:9)
  4 centaurs
  2 wolves (D:8)
  A crocodile (D:8)
  A big kobold (D:8)
  12 bullfrogs
  4 scorpions
  9 killer bees
  10 howler monkeys
  5 crimson imps
  A bullfrog zombie (D:6)
  6 hounds
  A quasit (D:8)
  A centaur zombie (D:7)
  16 orc wizards
  17 orc priests
  A bullfrog skeleton (D:5)
  A gnoll shaman (D:8)
  4 iguanas
  5 worker ants
  A merfolk siren (Sewer)
  A merfolk avatar (Sewer)
  A hound zombie (D:6)
  A hound skeleton (D:4)
  13 gnolls
  A howler monkey skeleton (D:6)
  14 adders
  A river rat (Sewer)
  5 shadow imps
  2 adder skeletons
  2 worms (D:3)
  A dart slug (D:1)
  8 leopard geckos
  46 orcs
  7 ball pythons
  5 giant cockroaches
  2 goblins (D:3)
  A hobgoblin (D:1)
  5 quokkas
  12 bats
  6 frilled lizards
  7 kobolds (D:8)
  24 rats
  2 fungi (Lair:2)
  5 plants
379 creatures vanquished.

Vanquished Creatures (collateral kills)
  A hydra (Lair:1)
  An orc sorcerer (Orc:1)
  A troll (Orc:1)
  3 blink frogs (Lair:1)
  A water moccasin (Lair:1)
  An orc warrior (Orc:1)
  2 orc priests (Orc:1)
  2 orcs (Orc:1)
  A butterfly (Lair:1)
13 creatures vanquished.

Vanquished Creatures (others)
  An orc (Orc:1)
  3 jackals (D:6)
  48 fungi (D:8)
  29 plants (D:8)
  2 starspawn tentacles (Abyss:2)
83 creatures vanquished.

Grand Total: 475 creatures vanquished

Notes
Turn   | Place    | Note
-------+----------+-------------------------------------------
     0 | D:1      | Flugslaktarn the Deep Dwarf Fighter began the quest for the
                  | Orb.
     0 | D:1      | Reached XP level 1. HP: 20/20 MP: 1/1
   162 | D:1      | Reached XP level 2. HP: 27/27 MP: 2/2
   605 | D:3      | Reached skill level 3 in Axes
   605 | D:3      | Reached XP level 3. HP: 16/34 MP: 3/3
   625 | D:3      | Reached XP level 4. HP: 42/42 MP: 4/4
   643 | D:3      | Found an opulent altar of Gozag.
   654 | D:3      | Found a shimmering altar of Xom.
   668 | D:3      | You fall into a shaft and drop 2 floors!
   668 | D:5      | Entered Level 5 of the Dungeon
   710 | D:5      | Found a glowing drain.
   714 | D:5      | Reached skill level 4 in Axes
   724 | D:5      | Reached XP level 5. HP: 47/49 MP: 5/5
   726 | Sewer    | Entered a sewer
  1148 | D:5      | Noticed Sigmund
  1181 | D:5      | Killed Sigmund
  1181 | D:5      | Reached skill level 5 in Axes
  1181 | D:5      | Reached XP level 6. HP: 29/57 MP: 6/6
  1289 | D:6      | Noticed an orc warrior
  1293 | D:6      | Reached XP level 7. HP: 31/64 MP: 7/7
  1329 | D:6      | Reached skill level 5 in Armour
  1329 | D:6      | Reached skill level 5 in Shields
  1344 | D:6      | Reached skill level 6 in Axes
  1500 | D:6      | Reached XP level 8. HP: 46/73 MP: 6/6
  1530 | D:5      | Reached skill level 7 in Axes
  1941 | D:4      | Found a shattered altar of Ashenzari.
  2088 | D:4      | Reached skill level 5 in Fighting
  2542 | D:4      | Found a burning altar of Makhleb.
  2547 | D:4      | Became a worshipper of Makhleb the Destroyer
  2786 | D:5      | Reached skill level 1 in Invocations
  2871 | D:6      | Found a sparkling altar of Nemelex Xobeh.
  2871 | D:6      | Found a white marble altar of Elyvilon.
  2871 | D:6      | Found a hide-covered altar of Uskayaw.
  2966 | D:6      | Reached skill level 8 in Axes
  2975 | D:6      | Found a staircase to the Ecumenical Temple.
  3004 | D:6      | Gained mutation: You passively map the area around you.
                  | [Deep Dwarf growth]
  3004 | D:6      | Reached XP level 9. HP: 70/81 MP: 7/7
  3300 | D:7      | Found Jeliokoc's General Store.
  3309 | D:7      | Bought a +2 pair of boots for 231 gold pieces
  3324 | D:7      | Found Ocwozeag's Weapon Emporium.
  3371 | D:7      | Reached * piety under Makhleb
  3438 | D:7      | Found Caer's Distillery.
  3461 | D:7      | Found Xycvana's Antique Armour Shop.
  3525 | D:7      | Found a roughly hewn altar of Beogh.
  3559 | D:7      | Noticed Pikel
  3586 | D:7      | Killed Pikel
  3586 | D:7      | Reached skill level 9 in Axes
  3925 | D:8      | Noticed Grum
  3993 | D:8      | Reached skill level 5 in Invocations
  4016 | D:8      | Killed Grum
  4055 | D:8      | Reached XP level 10. HP: 78/91 MP: 9/9
  4101 | D:8      | Noticed a two-headed ogre
  4160 | D:8      | Killed a two-headed ogre
  4160 | D:8      | Reached skill level 10 in Axes
  4269 | D:8      | Reached ** piety under Makhleb
  4493 | D:8      | Found a staircase to the Lair.
  5097 | D:7      | Bought a +0 broad axe for 56 gold pieces
  5152 | D:9      | Found a staircase to the Orcish Mines.
  5179 | D:9      | Reached skill level 11 in Axes
  5243 | D:9      | Reached *** piety under Makhleb
  5434 | D:9      | Noticed Psyche
  5446 | D:9      | Killed Psyche
  5446 | D:9      | Reached XP level 11. HP: 66/99 MP: 11/11
  5974 | Orc:1    | Entered Level 1 of the Orcish Mines
  5978 | Orc:1    | Noticed an orc knight
  5979 | Orc:1    | Noticed an orc sorcerer
  5995 | Orc:1    | Paralysed by an orc sorcerer for 6 turns
  6009 | Orc:1    | Killed an orc sorcerer
  6023 | Orc:1    | HP: 1/100 [orc warrior/+0 halberd (9)]
  6159 | Orc:1    | Found a runed translucent gate.
  6161 | Orc:1    | Found a runed translucent gate.
  6161 | Orc:1    | Found a runed translucent gate.
  6180 | Orc:1    | Found an opulent altar of Gozag.
  6180 | Orc:1    | Found Dobrami's Assorted Antiques.
  6181 | Orc:1    | Noticed an obsidian statue
  6190 | Orc:1    | Noticed Nicoed's ghost (journeyman MiFi)
  6205 | Orc:1    | Noticed a soul eater
  6226 | Orc:2    | Entered Level 2 of the Orcish Mines
  6229 | Orc:2    | Found a burning altar of Makhleb.
  6229 | Orc:2    | Noticed an orc sorcerer
  6237 | Orc:2    | Killed an orc sorcerer
  6283 | Orc:1    | Killed an orc knight
  6330 | Orc:1    | Reached **** piety under Makhleb
  6788 | Orc:2    | Noticed an orc high priest
  6788 | Orc:2    | Noticed an orc high priest
  6792 | Orc:2    | Noticed an orc sorcerer
  6792 | Orc:2    | Noticed an orc knight
  6818 | Orc:2    | Reached skill level 12 in Axes
  6820 | Orc:2    | Noticed a sixfirhy
  6849 | Orc:2    | Noticed a sun demon
  6956 | Lair:1   | Entered Level 1 of the Lair of Beasts
  6960 | Lair:1   | You fall into a shaft and drop 1 floor!
  6985 | Lair:2   | Found a hole to the Spider Nest.
  7073 | Lair:2   | Noticed a death yak
  7111 | Lair:2   | Killed a death yak
  7763 | Lair:1   | Reached XP level 12. HP: 91/110 MP: 6/6
  7818 | Lair:1   | Reached ***** piety under Makhleb
  7837 | Lair:1   | Noticed a five-headed hydra
  7845 | Lair:1   | Killed a five-headed hydra
  8195 | Lair:1   | Reached skill level 13 in Axes
  8338 | Lair:1   | Reached skill level 10 in Armour
  8578 | D:7      | Bought a transparent helmet for 323 gold pieces
  8588 | D:7      | Identified the cursed +0 helmet "Tach" {*Corrode +Fly rC+
                  | Str+4} (You bought it in a shop on level 7 of the Dungeon)
  8712 | Orc:2    | Killed an orc high priest
  8712 | Orc:2    | Reached skill level 10 in Shields
  8732 | Orc:2    | Killed an orc high priest
  8742 | Orc:2    | Found a staircase to the Elven Halls.
  8881 | Orc:2    | Cast into level 2 of the Abyss (orc warrior)
  9047 | Abyss:2  | Noticed a white very ugly thing
  9072 | Abyss:2  | Noticed a purple very ugly thing
  9148 | Abyss:2  | Noticed a balrug
  9161 | Abyss:2  | Noticed a white draconian
  9161 | Abyss:2  | Noticed a tentacled starspawn
  9192 | Orc:2    | Escaped the Abyss
  9209 | Orc:2    | Reached skill level 10 in Invocations
  9285 | Orc:2    | Noticed an orc warlord
  9492 | Orc:2    | Mangled by an orc warrior

Levels and vault maps discovered:
D:1:      dpeg_arrival_refuge, layout_loops_corners,
          chequers_serial_rivers_room_a
D:2:      layout_loops_corners, first_ration, uniq_jessica, uniq_natasha,
          uniq_terence
D:3:      layout_rooms, grunt_gozag_statues, minmay_misc_feat_ornament,
          xom_teletrap_fun
D:4:      lemuel_upstairs_altar, layout_basic, evilmike_ruin_ashenzari
D:5:      layout_cave_pools, cheibrodos_sewer_entry_sluice, uniq_sigmund
D:6:      layout_cave_pools, chequers_temple_overflow_statue_of_worship,
          minmay_temple_entry_sparse_star, serial_glass, glass_columns_a,
          glass_columns_a, item_on_display_a, item_on_display_a,
          due_unseen_surprise
D:7:      layout_cave_pools, serial_shops, shop, nicolae_shop_behind_doors,
          nicolae_shop_waterfront, shop_fountains, david_defended_altar_orc,
          uniq_pikel
D:8:      layout_basic, due_lair_maze_entry_diamond, uniq_grum
D:9:      layout_small_grid, orc_0_dummy, uniq_psyche
Lair:1:   minmay_lair_venomous_thicket, layout_small_grid, lemuel_fruit_fields,
          grunt_megastairs_4, lemuel_fruit_fields
Lair:2:   layout_loops_ring, spider_nest_entry_a
Orc:1:    layout_caves, ebering_ghost_gozag
Orc:2:    st_orc_congregation, layout_caves, roderic_batcave, bloody_makhleb

Skill      XL: |  1  2  3  4  5  6  7  8  9 10 11 12 |
---------------+-------------------------------------+-----
Fighting       | 3 4 5 6 7 8 |  8.7
Axes           | 3 4 5 6 8 9 11 12 13 | 13.7
Armour         | 4 5 6 7 8 9 10 | 10.4
Shields        | 4 5 6 7 8 9 10 | 10.4
Invocations    | 2 5 7 9 10 | 10.1

Action                   |  1- 3 |  4- 6 |  7- 9 | 10-12 || total
-------------------------+-------+-------+-------+-------++-------
Melee: War axe           |    55 |   177 |   434 |   280 ||   946
       Broad axe         |       |       |       |   565 ||   565
Invok: Lesser Servant of |       |       |       |    10 ||    10
 Abil: Heal Wounds       |     1 |     2 |    23 |    47 ||    73
Evoke: Wand              |       |       |       |     2 ||     2
  Use: Scroll            |       |     1 |    12 |    17 ||    30
       Potion            |       |       |     1 |     3 ||     4
 Stab: Paralysed         |       |       |       |     3 ||     3
  Eat: Chunk             |       |     2 |    10 |    15 ||    27
       Ration            |       |       |       |     1 ||     1
Armor: Scale mail        |    30 |    86 |   206 |   142 ||   464
       Skin              |       |       |     4 |       ||     4
       Plate armour      |       |       |       |   426 ||   426
Dodge: Dodged            |    16 |    31 |   162 |   231 ||   440
Block: Shield            |    25 |    88 |   291 |   645 ||  1049
